Description

very good

Build Order

Get SALT Encoding   

  12  0:00  Drone  
  13  0:13  Overlord  
  13  0:20  Drone  
  14  0:31  Drone x2  
  16  0:48  Hatchery  
  15  0:52  Drone x2  
  17  0:59  Drone  
  18  1:14  Spawning Pool  
  18  1:17  Drone x2  
  18  1:23  Extractor  
  18  1:30  Drone  
  19  1:51  Overlord  
  19  2:01  Queen x2  
  30  2:33  Overlord  
  30  2:36  Metabolic Boost  
  31  2:49  Overlord  
  31  2:54  Queen  
  31  2:55  Hatchery  
  32  2:59  Zergling x6  
  40  3:23  Overlord  
  41  3:34  Queen  
  44  3:42  Zergling x14  
  54  4:10  Queen  
  54  4:13  Lair  
  59  4:30  Roach Warren  
  64  4:53  Queen x2  
  67  5:10  Roach x6  
  82  5:32  Extractor x2  
  85  5:38  Extractor x3  
  82  5:47  Evolution Chamber x2  
  82  5:49  Hydralisk Den  
  89  5:53  Hatchery  
  93  6:21  Grooved Spines  
  110  7:05  Zerg Missile Weapons Level 1, Zerg Ground Armor Level 1  
  110  7:10  Infestation Pit  
  110  7:13  Spore Crawler x3  
  117  7:19  Spore Crawler  
  115  7:30  Hatchery  
  115  7:33  Muscular Augments  
  115  7:41  Extractor x2, Hydralisk x10  
  143  7:47  Hive  
  143  7:49  Lurker Den  
  187  9:14  Zerg Missile Weapons Level 2, Zerg Ground Armor Level 2  
  187  9:16  Seismic Spines  
  182  9:44  Spore Crawler  
  175  9:46  Spine Crawler x10  
  179  10:30  Lurker x10  
  195  10:43  Overseer x2  
  154  11:13  Adaptive Talons  
  154  11:21  Extractor x2  
  161  12:07  Zerg Ground Armor Level 3, Zerg Missile Weapons Level 3  
  161  12:12  Adrenal Glands  
  184  13:03  Hatchery  
  183  13:06  Spore Crawler  
  190  14:44  Zerg Melee Weapons Level 1  
  199  16:44  Pneumatized Carapace  
  199  16:45  Burrow  
  189  17:01  Hatchery, Spore Crawler  
Spawning Tool Build Advisor. Get it on Overwolf

Analysis

verygood yes yes yes

Go to:

Details

  • Created by: tiwaheronud
  • Published on: Oct 14, 2023
  • Modified on: Oct 14, 2023
  • Patch: 5.0.11
  • Difficulty: Hard
Show
View Real Time Build Order
Export as new Build Order

Comments (0)

There are no comments. Be the first!

Create an account to comment!